 Dungeon Crawl Stone Soup version 0.21.1-1-g345015f (webtiles) character file.

1034 letownia2 the Magician (level 8, 42/57 HPs)
             Began as a Demonspawn Wizard on Feb 8, 2018.
             Quit the game on level 6 of the Dungeon on Feb 10, 2018.
             The game lasted 00:18:54 (4968 turns).

letownia2 the Magician (Demonspawn Wizard)          Turns: 4968, Time: 00:18:54

Health: 42/57      AC: 10    Str: 10    XL:     8   Next: 3%
Magic:  14/16      EV: 11    Int: 20    God:
Gold:   259        SH:  2    Dex: 11    Spells: 8/18 levels left

rFire    . . .     SeeInvis .     - Unarmed
rCold    . . .     Gourm    .   (no shield)
rNeg     . . .     Faith    .   g - +3 leather armour
rPois    .         Spirit   .   f - +0 hat
rElec    .         Reflect  +   I - +0 cloak
rCorr    .         Harm     .   (gloves unavailable)
MR       +....                  (no boots)
Stlth    +++.......             E - +2 amulet of reflection
HPRegen  0.19/turn              r - ring of stealth
MPRegen  0.15/turn              o - ring of protection from magic

@: no status effects
A: claws 3, yellow scales 2, nightstalker 1, spiny 1
a: no special abilities


You were on level 6 of the Dungeon.
You were hungry.

You visited 1 branch of the dungeon, and saw 6 of its levels.

You collected 259 gold pieces.

Inventory:

Hand Weapons
 b - a +1 quarterstaff of pain
 x - a -3 arbalest
 D - a +0 short sword
 F - a +2 whip of distortion
Missiles
 z - 28 bolts
Armour
 a - a +2 robe of positive energy
 f - a +0 hat (worn)
 g - a +3 leather armour (worn)
 j - a +0 scale mail
 m - a +0 buckler
 I - a +0 cloak (worn)
Jewellery
 o - a ring of protection from magic (right claw)
 r - a ring of stealth (left claw)
 E - a +2 amulet of reflection (around neck)
Wands
 p - a wand of paralysis (2)
Scrolls
 l - a scroll of magic mapping {unknown}
 q - a scroll of fear {unknown}
 s - 3 scrolls of immolation
 u - 2 scrolls of remove curse
 v - a scroll of noise {unknown}
 y - a scroll of enchant armour {unknown}
 B - 4 scrolls of identify {unknown}
Potions
 h - 3 potions of haste
 i - 2 potions of curing {unknown}
 n - 2 potions of berserk rage
 t - a potion of flight {unknown}
 w - 2 potions of cancellation {unknown}
 A - 2 potions of mutation {unknown}
 G - a potion of ambrosia {unknown}
 H - a potion of brilliance
 L - a potion of degeneration {unknown}
Books
 c - a book of Minor Magic

   Spells                             Type                      Level
   a - Magic Dart                     Conjuration                  1
   b - Blink                          Translocation                2
   c - Call Imp                       Summoning                    2
   d - Slow                           Hexes                        2
   e - Conjure Flame                  Conjuration/Fire             3
   f - Mephitic Cloud                 Conjuration/Poison/Air       3
 k - a book of Misfortune

   Spells                             Type                      Level
   a - Confusing Touch                Hexes                        1
   b - Confuse                        Hexes                        3
   c - Gell's Gravitas                Translocation                3
   d - Petrify                        Transmutation/Earth          4
   e - Metabolic Englaciation         Hexes/Ice                    5
   f - Yara's Violent Unravelling     Hexes/Transmutation          5
 J - a book of Cantrips

   Spells                             Type                      Level
   a - Confusing Touch                Hexes                        1
   b - Animate Skeleton               Necromancy                   1
   c - Summon Small Mammal            Summoning                    1
   d - Apportation                    Translocation                1
Comestibles
 d - 7 rations


   Skills:
 - Level 2.4 Fighting
 - Level 1.7 Dodging
 - Level 1.7 Stealth
 + Level 2.3 Unarmed Combat
 + Level 5.7 Spellcasting
 - Level 4.0 Conjurations
 - Level 2.0 Hexes
   Level 1.0 Summonings
 - Level 0.8 Translocations
 - Level 2.1 Fire Magic
 - Level 2.0 Air Magic
 - Level 2.0 Poison Magic


You had 8 spell levels left.
You knew the following spells:

 Your Spells              Type           Power        Failure   Level  Hunger
a - Magic Dart            Conj           ###.         2%          1    None
b - Blink                 Tloc           N/A          16%         2    None
c - Conjure Flame         Conj/Fire      ###.....     12%         3    ##.....
d - Confusing Touch       Hex            ##....       6%          1    None
e - Mephitic Cloud        Conj/Pois/Air  ###.....     14%         3    ##.....


Dungeon Overview and Level Annotations

Branches:
Dungeon (6/15)
 Temple: D:4-7

Altars:
Dithmenos
Hepliaklqana
Kikubaaqudgha
Makhleb
Sif Muna
Wu Jian
Xom

Shops:
D:5 [

Annotations:
D:3 letownia2's ghost, amateur DsWz
D:5 1 exclusion


Innate Abilities, Weirdness & Mutations

You have claws for hands.
You are mostly covered in yellow scales. (AC +3)
You are slightly more attuned to the shadows.
You are partially covered in sharp spines.


Message History

Saving game... please wait.
Welcome back, letownia2 the Demonspawn Wizard.
Press ? for a list of commands and other information.
Unknown command.
Unknown command.
Saving game... please wait.
Welcome back, letownia2 the Demonspawn Wizard.
Press ? for a list of commands and other information.
Unknown command.
Unknown command.
Unknown command.
Unknown command.
Unknown command.
Saving game... please wait.
Welcome back, letownia2 the Demonspawn Wizard.
Press ? for a list of commands and other information.
Saving game... please wait.
Welcome back, letownia2 the Demonspawn Wizard.
Press ? for a list of commands and other information.
Are you sure you want to abandon this character and quit the game? (Confirm with "yes".)

#..#.# #..#.#
#..#.#######
#..#.#... ..
#....#.# .###
#......# ...###
####[#.###......
#.#.....######..
#.####.##@......
#......>.......#
################


There were no monsters in sight!

Vanquished Creatures
  Sigmund (D:6)
  A sky beast (D:4)
  2 ice beasts
  An ogre (D:5)
  A howler monkey (D:5)
  2 crimson imps
  A centaur zombie (D:5)
  An orc priest (D:4)
  4 hounds
  An iguana (D:4)
  An orc wizard (D:4)
  2 worker ants (D:4)
  A gnoll (D:5)
  5 adders
  An ooze (D:4)
  3 dart slugs
  3 leopard geckos
  8 orcs
  A ball python (D:5)
  2 bats
  4 giant cockroaches
  9 goblins
  11 hobgoblins
  6 kobolds
  A quokka (D:2)
  A frilled lizard (D:3)
  A jackal zombie (D:6)
  2 leopard gecko skeletons
  2 rats (D:2)
79 creatures vanquished.

Notes
Turn   | Place    | Note
-------+----------+-------------------------------------------
     0 | D:1      | letownia2 the Demonspawn Wizard began the quest for the Orb.
     0 | D:1      | Reached XP level 1. HP: 13/13 MP: 4/4
   340 | D:1      | Gained mutation: You have sharp fingernails. [demonic ancestry]
   340 | D:1      | Reached XP level 2. HP: 11/19 MP: 4/6
   721 | D:2      | Gained mutation: You are slightly more attuned to the shadows. [demonic ancestry]
   721 | D:2      | Reached XP level 3. HP: 24/24 MP: 1/7
   728 | D:2      | Learned a level 3 spell: Mephitic Cloud
   730 | D:2      | Learned a level 1 spell: Confusing Touch
   734 | D:2      | Learned a level 3 spell: Conjure Flame
  1019 | D:2      | Found a hazy altar of Hepliaklqana.
  1446 | D:2      | Found an ornate altar of the Wu Jian Council.
  1448 | D:2      | Found an ancient bone altar of Kikubaaqudgha.
  1450 | D:2      | Found a shadowy altar of Dithmenos.
  1525 | D:3      | Reached skill level 1 in Hexes
  1529 | D:3      | Noticed letownia2's ghost (amateur DsWz)
  1665 | D:4      | Gained mutation: You are partially covered in yellow scales. (AC +2) [demonic ancestry]
  1665 | D:4      | Reached XP level 4. HP: 27/30 MP: 2/8
  2232 | D:4      | Noticed an ice beast
  2534 | D:4      | Found a shimmering altar of Xom.
  2534 | D:4      | Found a burning altar of Makhleb.
  2552 | D:4      | Gained mutation: You have very sharp fingernails. [demonic ancestry]
  2552 | D:4      | Reached XP level 5. HP: 34/35 MP: 2/9
  2867 | D:4      | Reached skill level 1 in Fire Magic
  2867 | D:4      | Reached skill level 1 in Air Magic
  2867 | D:4      | Reached skill level 1 in Poison Magic
  2929 | D:4      | Learned a level 2 spell: Blink
  3038 | D:4      | Killed an ice beast
  3152 | D:4      | Gained mutation: You are mostly covered in yellow scales. (AC +3) [demonic ancestry]
  3152 | D:4      | Reached XP level 6. HP: 39/41 MP: 5/10
  3557 | D:5      | Entered Level 5 of the Dungeon
  3557 | D:5      | Noticed a sky beast
  3610 | D:4      | Killed a sky beast
  3821 | D:5      | Noticed an ice beast
  3913 | D:5      | Reached skill level 1 in Fighting
  3919 | D:5      | Reached skill level 1 in Unarmed Combat
  3980 | D:5      | Found a deep blue altar of Sif Muna.
  4068 | D:5      | Found Oshry's Armour Shop.
  4094 | D:5      | Reached skill level 4 in Spellcasting
  4094 | D:5      | Gained mutation: You have claws for hands. [demonic ancestry]
  4094 | D:5      | Reached XP level 7. HP: 47/48 MP: 0/13
  4550 | D:5      | Reached skill level 5 in Spellcasting
  4912 | D:6      | Noticed Sigmund
  4933 | D:6      | Killed Sigmund
  4933 | D:6      | Gained mutation: You are partially covered in sharp spines. [demonic ancestry]
  4933 | D:6      | Reached XP level 8. HP: 36/57 MP: 10/16
  4968 | D:6      | Quit the game

Skill      XL: |  1  2  3  4  5  6  7 |
---------------+----------------------+-----
Conjurations   | 2 3 4 |  4.0
Hexes          | 1 2 |  2.0
Fire Magic     | 1 2 |  2.1
Air Magic      | 1 2 |  2.0
Poison Magic   | 1 2 |  2.0
Fighting       | 1 2 |  2.4
Unarmed Combat | 1 2 |  2.3
Spellcasting   | 4 5 |  5.7
Dodging        | |  1.7
Stealth        | |  1.7
Summonings     | |  1.0
Translocations | |  0.8

Action                   |  1- 3 |  4- 6 |  7- 9 || total
-------------------------+-------+-------+-------++-------
Melee: Unarmed           |    32 |    44 |    45 ||   121
       Short sword       |    17 |    14 |       ||    31
       Quarterstaff      |       |    48 |    80 ||   128
 Cast: Magic Dart        |    71 |    82 |    23 ||   176
       Confusing Touch   |     2 |     9 |     2 ||    13
       Mephitic Cloud    |       |     8 |     4 ||    12
       Conjure Flame     |       |     5 |     3 ||     8
       Blink             |       |     4 |       ||     4
Evoke: Wand              |       |     2 |     3 ||     5
  Use: Potion            |     2 |       |       ||     2
       Scroll            |       |       |     3 ||     3
 Stab: Confused          |       |     2 |     3 ||     5
       Sleeping          |       |     3 |     1 ||     4
       Paralysed         |       |     6 |     5 ||    11
  Eat: Chunk             |     2 |     9 |     3 ||    14
Armor: Leather armour    |    18 |    43 |    56 ||   117
Dodge: Dodged            |    45 |    63 |    72 ||   180
Block: Other             |       |       |    12 ||    12
